Map: Jagannatha LE

Players

Varum - Winner!

  • Race: Zerg Zerg
  • League: Gold
  • Spawn Location: 7:00

MrRoschar

  • Race: Protoss Protoss
  • League: Diamond
  • Spawn Location: 1:00

VOD

Have the link to the VOD?

Description

Time

  • Played on: Dec. 25, 2020, 2:43 p.m.
  • Length: 17:30
Show
View Real Time Build Order
Export as new Build Order

Varum Zerg - Winner!

Build Orders: Hatch First, Brood Lord Corruptor, Roach Hydra 

Get SALT Encoding   

  12  0:00  Drone  
  13  0:12  Overlord  
  13  0:20  Drone  
  14  0:30  Drone x2  
  16  0:36  Drone  
  17  0:52  Hatchery  
  17  0:55  Drone  
  17  1:00  Extractor  
  17  1:02  Drone  
  17  1:17  Spawning Pool  
  16  1:19  Drone  
  17  1:35  Drone x2  
  19  1:48  Overlord  
  19  1:57  Drone  
  20  2:06  Metabolic Boost  
  20  2:12  Queen x2  
  20  2:14  Zergling x4  
  26  2:20  Drone x2  
  28  2:34  Overlord  
  28  2:47  Drone x4  
  32  3:04  Queen  
  34  3:05  Queen  
  34  3:09  Drone  
  34  3:10  Hatchery  
  36  3:15  Drone x3  
  39  3:35  Drone x2  
  39  3:36  Drone x3  
  39  3:40  Overlord  
  44  3:48  Extractor, Drone  
  44  3:52  Overlord  
  44  4:08  Evolution Chamber  
  44  4:09  Roach Warren  
  42  4:13  Drone x3  
  45  4:17  Drone  
  45  4:18  Drone x2  
  48  4:26  Extractor, Drone  
  48  4:27  Drone x3  
  48  4:31  Queen  
  51  4:33  Queen  
  55  4:40  Zerg Missile Weapons Level 1  
  55  4:57  Lair  
  55  4:58  Overlord x2  
  55  5:02  Overlord  
  55  5:07  Overlord  
  55  5:13  Overlord  
  55  5:37  Drone x3  
  55  5:38  Extractor  
  55  5:40  Drone  
  55  5:41  Drone x14  
  72  5:55  Roach x5  
  72  5:56  Roach x5  
  92  6:09  Roach x2  
  92  6:10  Roach  
  98  6:11  Overlord x2  
  98  6:17  Pneumatized Carapace  
  98  6:20  Spore Crawler  
  98  6:22  Spore Crawler  
  97  6:26  Spore Crawler  
  97  6:30  Spore Crawler  
  97  6:31  Extractor  
  97  6:32  Extractor, Drone x3  
  96  6:33  Drone  
  96  6:34  Drone x2  
  96  6:37  Drone  
  96  6:38  Drone  
  96  6:39  Zerg Ground Armor Level 1  
  101  6:42  Glial Reconstitution  
  101  6:45  Evolution Chamber  
  100  6:48  Hydralisk Den  
  99  6:55  Drone x3  
  99  6:56  Drone  
  99  6:58  Overlord x3  
  99  6:59  Overlord x3  
  103  7:25  Hydralisk x8  
  119  7:30  Grooved Spines  
  119  7:32  Zerg Missile Weapons Level 2  
  119  7:49  Roach x10  
  139  7:59  Hatchery  
  138  8:14  Overlord  
  138  8:20  Overlord  
  138  8:22  Hydralisk x8  
  138  8:25  Overlord x3  
  154  8:41  Muscular Augments  
  154  8:47  Roach x10  
  174  9:24  Extractor  
  173  9:25  Extractor  
  173  9:27  Infestation Pit  
  173  9:29  Roach x6  
  173  9:30  Overlord x4  
  173  9:31  Overlord x3  
  183  9:33  Overlord  
  183  9:37  Overlord  
  183  9:47  Overlord  
  183  9:49  Overlord  
  183  9:53  Hydralisk x8  
  199  10:05  Zergling x2  
  200  10:24  Spire  
  200  10:25  Spire, Hive  
  198  10:30  Zerg Ground Armor Level 2, Zerg Melee Weapons Level 1  
  198  11:31  Overlord  
  176  12:17  Corruptor  
  176  12:18  Corruptor x12  
  198  12:27  Greater Spire  
  198  12:28  Zerg Flyer Armor Level 1  
  198  12:38  Overlord  
  198  12:45  Zerg Melee Weapons Level 2  
  198  12:51  Overlord  
  198  12:52  Overlord  
  198  12:53  Overlord x2  
  190  13:48  Brood Lord  
  190  13:49  Brood Lord x4  
  178  13:57  Brood Lord  
  178  13:58  Brood Lord x5  
  172  14:04  Roach x10  
  172  14:05  Roach x3  
  156  14:18  Roach x4  
  156  14:19  Roach x10  
  156  14:29  Roach x7  
  156  14:36  Drone  
  156  14:37  Drone  
  150  14:39  Queen  
  150  14:40  Drone x3  
  149  15:12  Roach x4  
  149  15:13  Roach x7  
  171  15:36  Hatchery  
  170  15:48  Roach x12  
  194  15:51  Hatchery  
  193  16:14  Corruptor x3  
  199  16:44  Extractor  
  198  16:53  Extractor  
  197  16:54  Extractor  
  197  16:58  Extractor  
  197  17:00  Brood Lord  
  197  17:01  Brood Lord  
Show
View Real Time Build Order
Export as new Build Order

MrRoschar Protoss 

Build Orders: 1 Gate Expand, Zealot Archon 

Get SALT Encoding   

  12  0:05  Probe (Chrono Boost)  
  14  0:14  Probe (Chrono Boost)  
  14  0:26  Pylon  
  14  0:31  Probe  
  14  0:34  Assimilator  
  15  0:44  Probe  
  15  0:49  Gateway  
  16  0:56  Probe  
  17  1:08  Probe (Chrono Boost)  
  18  1:21  Probe (Chrono Boost)  
  19  1:32  Nexus  
  19  1:41  Cybernetics Core  
  19  1:44  Probe  
  20  1:57  Zealot  
  20  1:59  Probe  
  23  2:09  Gateway  
  23  2:17  Gateway  
  23  2:31  Pylon  
  23  2:44  Stalker, Assimilator  
  23  2:47  Probe (Chrono Boost)  
  23  2:48  Warp Gate  
  23  2:49  Probe (Chrono Boost)  
  27  2:52  Pylon  
  29  2:59  Probe (Chrono Boost)  
  29  3:01  Probe (Chrono Boost)  
  29  3:03  Shield Battery  
  29  3:10  Probe x2  
  31  3:18  Twilight Council  
  31  3:22  Probe  
  31  3:25  Stalker (Chrono Boost)  
  31  3:26  Probe  
  35  3:36  Robotics Facility  
  35  3:39  Probe  
  35  3:40  Probe  
  37  3:51  Probe  
  37  3:52  Probe  
  39  4:02  Templar Archives  
  39  4:04  Probe  
  40  4:14  Probe  
  41  4:21  Stalker x2  
  45  4:29  Assimilator  
  45  4:31  Assimilator  
  45  4:32  Observer (Chrono Boost)  
  46  4:40  Probe x2  
  48  4:52  Probe  
  49  4:56  Gateway  
  49  4:58  Gateway  
  49  4:59  Gateway  
  49  5:02  Gateway, Probe  
  49  5:04  Observer  
  49  5:05  Probe  
  53  5:14  Probe  
  53  5:18  Pylon  
  53  5:21  Pylon  
  53  5:30  Psionic Storm  
  53  5:36  Immortal  
  53  5:38  Charge, Observer  
  57  5:45  Probe x2  
  59  5:52  Pylon  
  59  5:56  Pylon  
  59  6:02  Probe x2  
  61  6:27  Pylon  
  61  6:31  High Templar x2, Pylon  
  61  6:32  High Templar x2, Pylon  
  69  6:41  Gateway x2  
  69  6:43  Gateway  
  69  7:03  Probe x2  
  71  7:10  Stalker x3  
  71  7:11  Stalker x3  
  71  7:12  Nexus  
  71  7:14  Pylon  
  83  7:15  Pylon  
  83  7:16  Immortal  
  87  7:33  Shield Battery  
  87  7:35  Shield Battery  
  87  7:37  Probe x2  
  87  7:38  Forge  
  87  7:43  Zealot  
  87  7:44  Zealot x4  
  95  7:49  Archon  
  99  7:55  Immortal  
  103  8:06  Robotics Bay  
  103  8:07  Robotics Facility  
  103  8:14  Stalker  
  103  8:15  Stalker x3  
  111  8:20  High Templar  
  111  8:22  Probe x2  
  111  8:26  Protoss Shields Level 1 (Chrono Boost), Assimilator  
  115  8:30  Assimilator  
  113  9:18  Probe x2  
  113  9:19  Forge  
  113  9:21  Probe  
  116  9:30  Probe x2  
  118  9:31  Stalker x2  
  118  9:32  Stalker x5  
  118  9:37  Extended Thermal Lance (Chrono Boost)  
  132  9:41  Colossus  
  138  9:53  Pylon  
  138  9:54  Pylon  
  138  9:55  Pylon  
  138  9:58  Pylon  
  138  10:02  Zealot  
  140  10:08  Pylon  
  140  10:10  Pylon  
  140  10:11  Colossus, Pylon  
  140  10:14  Pylon  
  146  10:20  Protoss Ground Armor Level 1 (Chrono Boost)  
  146  10:30  Zealot x4  
  146  10:35  Colossus  
  154  10:40  Photon Cannon  
  160  10:45  Photon Cannon  
  160  10:51  Photon Cannon  
  160  10:55  High Templar  
  160  10:56  High Templar  
  164  10:57  High Templar x2  
  168  11:05  Immortal  
  168  11:10  Protoss Shields Level 2 (Chrono Boost)  
  172  11:27  Nexus  
  172  11:29  Immortal  
  172  11:31  Pylon  
  162  12:14  Immortal x2  
  162  12:27  Protoss Ground Armor Level 2 (Chrono Boost)  
  162  12:30  Stalker x4  
  162  12:31  Stalker x5  
  162  12:36  Gateway  
  180  12:37  Gateway  
  180  12:43  Pylon  
  180  12:45  Pylon  
  180  12:58  Immortal x2 (Chrono Boost)  
  188  13:06  Gravitic Boosters  
  188  13:19  Zealot  
  190  13:20  Zealot x5  
  94  14:49  Blink (Chrono Boost)  
  94  14:52  Protoss Ground Armor Level 3 (Chrono Boost)  
  84  14:54  Stalker x4, Protoss Ground Weapons Level 1 (Chrono Boost)  
  84  14:55  Stalker x2  
  84  14:56  Stalker x5  
  102  15:19  Stalker x2  
  102  15:20  Stalker x2  
  102  15:21  Stalker x5  
  114  15:22  Stalker x2  
  90  15:58  Stalker x6  
  90  15:59  Stalker x5  
  112  16:07  Stargate x2  
  112  16:11  Stargate  
  112  16:21  Assimilator  
  112  16:23  Assimilator  
  112  16:30  High Templar x4  
  112  16:31  High Templar x4  
  128  16:32  High Templar  
  128  16:36  Stalker x2  
Tags
 
Add a new tag
Caveats
  • Supply blocks, unpowered buildings, or Contaminate may cause inaccurate times.
  • Supply counts are checked every 10 seconds.